 Dungeon Crawl Stone Soup version 0.19-a0-1886-gd64a0f0 (webtiles) character file.

137 Amnesiac the Gusty (level 5, -3/28 HPs)
             Began as a Tengu Air Elementalist on Oct 15, 2016.
             Was an Initiate of Sif Muna.
             Slain by an iguana (6 damage)
             ... on level 3 of the Dungeon.
             The game lasted 00:04:25 (2630 turns).

Amnesiac the Gusty (Tengu Air Elementalist)         Turns: 2630, Time: 00:04:25

Health: -3/28      AC:  2    Str: 10    XL:     5   Next: 20%
Magic:  6/10       EV: 13    Int: 16    God:    Sif Muna [......]
Gold:   103        SH:  0    Dex: 14    Spells: 3 memorised, 3 levels left

rFire  . . .     SeeInvis .     (no weapon)
rCold  . . .     Gourm    .     a - +0 robe
rNeg   . . .     Faith    .     (no shield)
rPois  .         Spirit   .     (helmet restricted)
rElec  .         Dismiss  .     (no cloak)
rCorr  .         Reflect  .     (no gloves)
MR     .....     Harm     .     (boots unavailable)
Stlth  ++........               (no amulet)
                                t - -3 ring of strength (curse)
                                h - +4 ring of strength

@: repel missiles
A: beak, talons 3, able to fly 1
a: Fly, Renounce Religion


You were on level 3 of the Dungeon.
You worshipped Sif Muna.
Sif Muna was noncommittal.
You were not hungry.

You visited 2 branches of the dungeon, and saw 5 of its levels.

You collected 103 gold pieces.

Inventory:

Missiles
 o - 2 curare-tipped needles
Armour
 a - a +0 robe (worn)
Jewellery
 h - a +4 ring of strength (left hand)
 t - a cursed -3 ring of strength (right hand)
Scrolls
 e - 2 scrolls of magic mapping {unknown}
 k - 2 scrolls of remove curse {unknown}
 p - a scroll of immolation {unknown}
 w - a scroll of recharging {unknown}
Potions
 d - 2 potions of heal wounds {unknown}
 g - a potion of berserk rage {unknown}
 j - a potion of might {unknown}
 l - a potion of degeneration {unknown}
 m - a potion of haste {unknown}
 n - a potion of curing
 q - a potion of agility {unknown}
 r - a potion of lignification {unknown}
 s - a potion of ambrosia {unknown}
 v - 2 potions of magic {unknown}
Books
 b - a book of Air

   Spells                             Type                      Level
   a - Shock                          Conjuration/Air              1
   b - Swiftness                      Charms/Air                   2
   c - Repel Missiles                 Charms/Air                   2
   d - Static Discharge               Conjuration/Air              3
   e - Lightning Bolt                 Conjuration/Air              5
Comestibles
 c - 2 bread rations
 f - a royal jelly
 i - a beef jerky
 u - a chunk of flesh


   Skills:
 - Level 2.4 Dodging
 - Level 2.0 Stealth
 + Level 2.9 Spellcasting
 + Level 3.1 Conjurations
 * Level 6.0 Air Magic


You had 3 spell levels left.
You knew the following spells:

 Your Spells              Type           Power        Failure   Level  Hunger
a - Repel Missiles        Chrm/Air       ##....       10%         2    ##.....
c - Static Discharge      Conj/Air       ###.....     12%         3    ###....
z - Shock                 Conj/Air       ###.         3%          1    #......


Dungeon Overview and Level Annotations

Branches:
Dungeon (4/15)             Temple (1/1) D:4

Altars:
Ashenzari
Dithmenos
Elyvilon
Fedhas
Kikubaaqudgha
Makhleb
Nemelex Xobeh
Ru
Sif Muna
Uskayaw
Yredelemnul
The Shining One


Innate Abilities, Weirdness & Mutations

You have a beak for a mouth.
You have claws for feet.
You can fly.


Message History

Sif Muna accepts your kill. The iguana bites you.
Casting: Shock
Confirm with . or Enter, or press ? or * to list all spells.
Aiming: Shock
Press: ? - help, Shift-Dir - straight line The zap hits the iguana.
The iguana is severely wounded.
The zap misses the iguana.
The iguana bites you!
* * * LOW HITPOINT WARNING * * *
Casting: Shock
Confirm with . or Enter, or press ? or * to list all spells.
Aiming: Shock
Press: ? - help, Shift-Dir - straight line The zap hits the iguana.
The iguana appears unharmed.
The iguana is severely wounded.
The zap hits the iguana.
The iguana is severely wounded.
The iguana bites you.
You die...

#......##%#.#.##.##.##
####!............# ..
#......#.#.#### .
#......#.#...
#........#.#...
#......#.........
###)####.#.. ....
##l######.##....
#@g.......# .##
##########


You could see an iguana and a goblin.

Vanquished Creatures
  A hound (D:4)
  A worker ant (D:4)
  2 adders
  3 worms (D:2)
  4 dart slugs
  A leopard gecko (D:4)
  An orc (D:4)
  4 bats
  4 giant cockroaches
  7 hobgoblins
  2 kobolds (D:1)
  A quokka (D:2)
  A ball python (D:2)
  A frilled lizard (D:4)
  7 goblins
  6 rats
46 creatures vanquished.

Notes
Turn   | Place    | Note
-------+----------+-------------------------------------------
     0 | D:1      | Amnesiac the Tengu Air Elementalist began the quest for the Orb.
     0 | D:1      | Reached XP level 1. HP: 10/10 MP: 4/4
   281 | D:3      | Noticed an iguana
   320 | D:4      | Reached XP level 2. HP: 15/15 MP: 0/6
   324 | D:4      | Learned a level 2 spell: Repel Missiles
   407 | D:4      | Reached skill level 5 in Air Magic
   407 | D:4      | Reached XP level 3. HP: 15/19 MP: 1/7
   412 | D:4      | Learned a level 3 spell: Static Discharge
   502 | D:4      | Reached XP level 4. HP: 15/24 MP: 5/8
   799 | D:4      | Found a staircase to the Ecumenical Temple.
   808 | Temple   | Entered the Ecumenical Temple
   830 | Temple   | Became a worshipper of Sif Muna the Loreminder
   906 | D:2      | HP: 1/24 [bat (1)]
  2068 | D:2      | Reached skill level 6 in Air Magic
  2068 | D:2      | Gained mutation: You can fly. [Tengu growth]
  2068 | D:2      | Reached XP level 5. HP: 24/28 MP: 5/10
  2124 | D:2      | Found a blossoming altar of Fedhas.
  2630 | D:3      | Slain by an iguana

Vault maps used:
D:1:      tarquinn_simple_flora_water_d, kennysheep_small_spiral,
          minmay_misc_feat_x
D:2:      nicolae_overflow_crystal_walls, serial_bayou, serial_bayou_shore_a,
          serial_bayou_crossing, serial_bayou_pond_a, serial_bayou_pond_d,
          serial_bayou_ford_a, serial_bayou_pond_d, roderic_lattice_a
D:3:      first_bread, nicolae_gozag_seed_capital, uniq_jessica
D:4:      uniq_edmund
Temple:   minmay_temple_bridge_abc

Skill      XL: |  1  2  3  4 |
---------------+-------------+-----
Conjurations   | 2 3 |  3.1
Air Magic      | 5 6 |  6.0
Dodging        | |  2.4
Stealth        | |  2.0
Spellcasting   | |  2.9

Action                   |  1- 3 |  4- 6 || total
-------------------------+-------+-------++-------
Melee: Unarmed           |       |     1 ||     1
 Cast: Shock             |    18 |    81 ||    99
       Repel Missiles    |     1 |     1 ||     2
       Static Discharge  |       |     1 ||     1
  Use: Potion            |       |     1 ||     1
  Eat: Chunk             |       |     6 ||     6
Armor: Robe              |     2 |    15 ||    17
Dodge: Dodged            |     9 |    40 ||    49
       Deflected         |       |     2 ||     2
